 Dungeon Crawl Stone Soup version 0.24-a0-365-ga4d96b6e6e (webtiles) character file.

Game seed: 8876358507756190593

227 sking99 the Cudgeler (level 5, -7/41 HPs)
             Began as a Demonspawn Gladiator on May 28, 2019.
             Mangled by Crazy Yiuf
             ... wielding a +2 quarterstaff of chaos
              (10 damage)
             ... on level 3 of the Dungeon.
             The game lasted 00:08:13 (3682 turns).

sking99 the Cudgeler (Demonspawn Gladiator)         Turns: 3682, Time: 00:08:14

Health: -7/41      AC:  7    Str: 15    XL:     5   Next: 70%
Magic:  0/5        EV: 11    Int:  9    God:
Gold:   90         SH:  4    Dex: 15    Spells: 4/4 levels left

rFire    . . .     SeeInvis .   a - +0 flail
rCold    . . .     Gourm    .   p - +0 buckler
rNeg     . . .     Faith    .   t - +0 ring mail
rPois    .         Spirit   +   c - +0 helmet
rElec    .         Reflect  .   k - +0 cloak
rCorr    .         Harm     .   (no gloves)
MR       .....                  (no boots)
Stlth    +.........             (no amulet)
HPRegen  0.13/turn              (no ring)
MPRegen  0.09/turn              (no ring)

@: lethally poisoned (-7 -> -13)
A: powered by death 1, magic shield
a: no special abilities


You were on level 3 of the Dungeon.
You were not hungry.

You visited 1 branch of the dungeon, and saw 3 of its levels.

You collected 90 gold pieces.

Inventory:

Hand Weapons
 a - a +0 flail (weapon)
Missiles
 d - 3 throwing nets (quivered)
Armour
 c - a +0 helmet (worn)
 k - a +0 cloak (worn)
 p - a +0 buckler (worn)
 t - a +0 ring mail (worn)
Jewellery
 i - an uncursed amulet of magic regeneration {unknown}
 o - a +6 ring of evasion {unknown}
Wands
 h - a wand of disintegration (8)
Scrolls
 e - 7 scrolls of identify {unknown}
 j - a scroll of amnesia {unknown}
 m - 2 scrolls of enchant weapon {unknown}
 r - 2 scrolls of teleportation {unknown}
 s - a scroll of enchant armour {unknown}
Potions
 b - a potion of curing {unknown}
 g - a potion of ambrosia {unknown}
 l - a potion of haste {unknown}
 n - 2 potions of brilliance {unknown}
 u - a potion of resistance {unknown}
Comestibles
 f - 2 rations
 q - 8 chunks of flesh


   Skills:
 - Level 3.3 Fighting
 * Level 4.8 Maces & Flails
 - Level 1.7 Throwing
 - Level 2.6 Dodging
 + Level 1.7 Shields


You had 4 spell levels left.
You didn't know any spells.
Your spell library contained the following spells:

 Spells                   Type           Power        Failure   Level  Hunger
 Animate Skeleton         Necr           N/A          73%         1    ##.....
 Apportation              Tloc           #.....       73%         1    ##.....
 Confusing Touch          Hex            #.....       73%         1    ##.....
 Summon Small Mammal      Summ           #...         73%         1    ##.....


Dungeon Overview and Level Annotations

Branches:
Dungeon (3/15)

Altars:

Annotations:
D:3 Crazy Yiuf


Innate Abilities, Weirdness & Mutations

You regenerate a little health from kills.
When hurt, damage is shared between your health and your magic reserves.


Message History

You barely miss Crazy Yiuf.
Crazy Yiuf is moderately wounded.
You feel sick. You block Crazy Yiuf's attack.
You hit Crazy Yiuf.
Crazy Yiuf is heavily wounded.
Crazy Yiuf hits you with a +2 quarterstaff of chaos.
You are electrocuted!
You barely miss Crazy Yiuf.
Crazy Yiuf is heavily wounded.
You feel sick.
Crazy Yiuf hits you with a +2 quarterstaff of chaos.
Crazy Yiuf burns you.
You barely miss Crazy Yiuf.
Crazy Yiuf is heavily wounded.
You feel sick.
Crazy Yiuf screams, "Announcement arga sing!"
Crazy Yiuf hits you with a +2 quarterstaff of chaos!
* * * LOW HITPOINT WARNING * * *
You convulse!
You die...

#######.#########<......####
#.......# #.####.##
#.#####.# #.# #.# #.# ###
### #.# #.# #.#####
#.###♣♣♣♣♣ #......
#.#....♣.♣♣♣ ### #######
#....P..♣..♣#...# #
#....P.♣♣♣♣@g...# # ##....♣♣
♣♣#..)# ####♣♣ ###


You could see Crazy Yiuf.

Vanquished Creatures
  An iguana (D:3)
  Terence (D:3)
  A worker ant (D:3)
  4 gnolls (D:2)
  2 adders
  An ooze (D:2)
  2 worms (D:2)
  3 dart slugs
  6 leopard geckos
  3 orcs (D:3)
  A ball python (D:3)
  5 giant cockroaches
  8 goblins
  11 hobgoblins
  3 kobolds
  2 quokkas
  13 bats
  3 frilled lizards
  7 rats
77 creatures vanquished.

Notes
Turn   | Place    | Note
-------+----------+-------------------------------------------
     0 | D:1      | sking99 the Demonspawn Gladiator began the quest for the
                  | Orb.
     0 | D:1      | Reached XP level 1. HP: 16/16 MP: 1/1
   188 | D:1      | Reached skill level 3 in Maces & Flails
   529 | D:1      | Gained mutation: When hurt, damage is shared between your
                  | health and your magic reserves. [demonic ancestry]
   529 | D:1      | Reached XP level 2. HP: 20/22 MP: 2/2
   897 | D:2      | Reached XP level 3. HP: 28/28 MP: 3/3
  1594 | D:2      | Reached skill level 4 in Maces & Flails
  1594 | D:2      | Gained mutation: You regenerate a little health from kills.
                  | [demonic ancestry]
  1594 | D:2      | Reached XP level 4. HP: 16/34 MP: 1/4
  2435 | D:2      | Reached skill level 1 in Shields
  2601 | D:3      | Found a runed translucent door.
  2602 | D:3      | Noticed Crazy Yiuf
  2686 | D:3      | Reached XP level 5. HP: 30/41 MP: 5/5
  2816 | D:3      | Noticed Terence
  2826 | D:3      | Killed Terence
  3682 | D:3      | Mangled by Crazy Yiuf

Levels and vault maps discovered:
D:1:      minmay_arrival_plants_in_alcoves, layout_rooms
D:2:      layout_loops_corners
D:3:      layout_loops_ring, minmay_puff, uniq_terence, uniq_crazy_yiuf_cottage

Skill      XL: |  1  2  3  4 |
---------------+-------------+-----
Maces & Flails | 3 4 |  4.8
Fighting       | 3 |  3.3
Shields        | 1 |  1.7
Throwing       | |  1.7
Dodging        | |  2.6

Action                   |  1- 3 |  4- 6 || total
-------------------------+-------+-------++-------
Melee: Flail             |   154 |   157 ||   311
  Eat: Chunk             |     2 |     7 ||     9
Armor: Leather armour    |    73 |     4 ||    77
       Ring mail         |       |    45 ||    45
Dodge: Dodged            |   137 |    85 ||   222
Block: Buckler           |     4 |    21 ||    25

Table legend:
 A = Non-vault XP
 B = Vault XP
 C = Vault XP percentage of total XP
 D = Non-vault monster count
 E = Vault monster count
 F = Vault count percentage of total count
                 A         B        C        D         E       F
            +---------+---------+-------+---------+---------+-------
      Total |     246 |      79 |  24.3 |      71 |       6 |   7.8
            +---------+---------+-------+---------+---------+-------
        D:1 |      38 |       0 |   0.0 |      19 |       0 |   0.0
        D:2 |     124 |       0 |   0.0 |      30 |       0 |   0.0
        D:3 |      84 |      79 |  48.5 |      22 |       6 |  21.4
            +---------+---------+-------+---------+---------+-------
